APL (24 & UNDER)
PENSACOLA PILOTS @ NANTUCKET ORCAS
07/24/2025
 
TOP OF THE 1ST
Pensacola Pilots batting - Pitching for Nantucket Orcas : RHP Sean Flynn
Pitching: RHP Sean Flynn
Batting: LHB Mark Folger 0-0: Ball
1-0: Ball
2-0: Ball
3-0: Base on Balls
Batting: RHB Jaime Spiridon 0-0: Swinging Strike
0-1: Ball
1-1: Called Strike
1-2: Ball
2-2: Ball
3-2: SINGLE (Groundball, 56D)
Mark Folger to second
Batting: LHB Chris Austin 0-0: Foul Ball, location: 2F
0-1: Ball
1-1: Foul Ball, location: 2F
1-2: Ball
2-2: 3-RUN HOME RUN (Flyball, 78XD), Distance : 419 ft
Batting: RHB Jonny Lord 0-0: Ball
1-0: Foul Ball, location: 2F
1-1: Called Strike
1-2: Ground out 6-3 (Groundball, 6M)
Batting: RHB José Cordero 0-0: Called Strike
0-1: Ball
1-1: Ball
2-1: Ball
3-1: Base on Balls
Batting: LHB Alan McGilroy 0-0: Ball
1-0: Ball
2-0: Ground out 3-1 (Groundball, 34)
José Cordero to second
Batting: RHB Lorenzo Mota 0-0: Ball
1-0: Foul Ball, location: 2F
1-1: Ball
2-1: Fly out, F9 (Flyball, 9LS)
Top of the 1st over - 3 run(s), 2 hit(s), 0 error(s), 1 left on base; Pensacola 3 - Nantucket 0
BOTTOM OF THE 1ST
Nantucket Orcas batting - Pitching for Pensacola Pilots : RHP Jorge Martínez
Pitching: RHP Jorge Martínez
Batting: RHB Jorge Hernández 0-0: Called Strike
0-1: Ball
1-1: DOUBLE (Flyball, 89D)
Batting: RHB Gary Duffy 0-0: Ball
1-0: Ball
2-0: Foul Ball, location: 2F
2-1: Ball
3-1: Foul Ball, location: 2F
Error on foul ball, E2
3-2: 2-RUN HOME RUN (Flyball, 78XD), Distance : 407 ft
Batting: SHB Cory Campbell 0-0: Ball
1-0: Ball
2-0: Ball
3-0: Base on Balls
Batting: RHB Ramón Díaz 0-0: Ball
1-0: Reached on error, E2 (Groundball, 2R)
Cory Campbell to second
Batting: RHB Anastasio Villa 0-0: Called Strike
0-1: Ball
1-1: SINGLE (Groundball, 56D)
Cory Campbell to third
Ramón Díaz to second
Batting: RHB César Osequedo 0-0: Swinging Strike
0-1: Foul Ball, location: 2F
0-2: Ball
1-2: Ball
2-2: TRIPLE (Line Drive, 9D)
Cory Campbell scores
Ramón Díaz scores
Anastasio Villa scores
Batting: RHB Domingo Hernández 0-0: Fly out, F7 (Flyball, 7M)
Runner from 3rd tags up, SCORES, no throw
Batting: RHB Edward Holloway 0-0: Ball
1-0: Called Strike
1-1: Foul Ball, location: 2F
1-2: Strikes out swinging
Batting: RHB Anastasio Zartuche 0-0: Ball
1-0: Ball
2-0: Ball
3-0: Called Strike
3-1: Foul Ball, location: 2F
3-2: Base on Balls
Batting: RHB Jorge Hernández 0-0: Ball
1-0: Foul Ball, location: 2F
1-1: Ball
2-1: Ball
3-1: Foul Ball, location: 2F
3-2: Foul Ball, location: 2F
3-2: Base on Balls
Anastasio Zartuche to second
Batting: RHB Gary Duffy 0-0: Called Strike
0-1: Ball
1-1: Ball
2-1: Ball
3-1: Foul Ball, location: 2F
3-2: Foul Ball, location: 2F
3-2: Base on Balls
Anastasio Zartuche to third
Jorge Hernández to second
Batting: SHB Cory Campbell 0-0: Called Strike
0-1: Ball
1-1: Ball
2-1: Ball
3-1: Foul Ball, location: 2F
3-2: Foul Ball, location: 2F
3-2: DOUBLE (Flyball, 78XD)
Anastasio Zartuche scores
Jorge Hernández scores
Gary Duffy to third
Gary Duffy scores
Batting: RHB Ramón Díaz 0-0: Ball
1-0: Ball
2-0: Ball
3-0: Base on Balls
Batting: RHB Anastasio Villa 0-0: Ball
1-0: Fielders Choice at 2nd, U6 (Groundball, 6M)
Bottom of the 1st over - 9 run(s), 5 hit(s), 2 error(s), 2 left on base; Pensacola 3 - Nantucket 9
TOP OF THE 2ND
Pensacola Pilots batting - Pitching for Nantucket Orcas : RHP Sean Flynn
Batting: RHB David Crespo 0-0: Ball
1-0: Fly out, F4 (Line Drive, 4)
Batting: LHB Ricardo García 0-0: Called Strike
0-1: DOUBLE (Line Drive, 4M)
Batting: LHB Mark Folger 0-0: Called Strike
0-1: Swinging Strike
0-2: Ground out U3 (Groundball, 3)
Ricardo García to third
Batting: RHB Jaime Spiridon 0-0: Ball
1-0: SINGLE (Line Drive, 5D)
Ricardo García scores
Batting: LHB Chris Austin 0-0: Called Strike
0-1: SINGLE (Line Drive, 6MD)
Jaime Spiridon to second
Batting: RHB Jonny Lord 0-0: SINGLE (Groundball, 6MD)
Jaime Spiridon to third
Chris Austin to second
Runner from 3rd tries for Home, SAFE, no throw or cutoff
Batting: RHB José Cordero 0-0: Ball
1-0: SINGLE (Line Drive, 4D)
Chris Austin to third
Jonny Lord to second
Batting: LHB Alan McGilroy 0-0: Ball
1-0: Swinging Strike
1-1: Fly out, F6 (Popup, 78S)
Top of the 2nd over - 2 run(s), 5 hit(s), 0 error(s), 3 left on base; Pensacola 5 - Nantucket 9
BOTTOM OF THE 2ND
Nantucket Orcas batting - Pitching for Pensacola Pilots : RHP Jorge Martínez
Batting: RHB César Osequedo 0-0: Ball
1-0: Fly out, F8 (Flyball, 8RD)
Batting: RHB Domingo Hernández 0-0: Called Strike
0-1: Ball
1-1: Foul Ball, location: 2F
1-2: Ball
2-2: Ground out 6-3 (Groundball, 6)
Batting: RHB Edward Holloway 0-0: Ball
1-0: Foul Ball, location: 2F
1-1: Called Strike
1-2: Ball
2-2: Foul Ball, location: 2F
2-2: Ball
3-2: Base on Balls
Pitching: RHP Dustin Taylor
Batting: RHB Anastasio Zartuche 0-0: Ball
1-0: Called Strike
1-1: Called Strike
1-2: Ball
2-2: SINGLE (Groundball, 5D)
Edward Holloway to second
Edward Holloway to third
Batting: RHB Jorge Hernández 0-0: Ball
Anastasio Zartuche steals 2nd base
1-0: Ball
2-0: Ground out 6-3 (Groundball, 6)
Bottom of the 2nd over - 0 run(s), 1 hit(s), 0 error(s), 2 left on base; Pensacola 5 - Nantucket 9
TOP OF THE 3RD
Pensacola Pilots batting - Pitching for Nantucket Orcas : RHP Sean Flynn
Batting: RHB Lorenzo Mota 0-0: Ball
1-0: Ball
2-0: Ground out 4-3 (Groundball, 4)
Batting: RHB David Crespo 0-0: Ball
1-0: Ball
2-0: Ball
3-0: Base on Balls
Batting: LHB Ricardo García 0-0: Called Strike
0-1: Ball
1-1: Ball
2-1: Foul Ball, location: 2F
2-2: Grounds into double play, 4-6-3 (Groundball, 4)
Top of the 3rd over - 0 run(s), 0 hit(s), 0 error(s), 0 left on base; Pensacola 5 - Nantucket 9
BOTTOM OF THE 3RD
Nantucket Orcas batting - Pitching for Pensacola Pilots : RHP Dustin Taylor
Batting: RHB Gary Duffy 0-0: Called Strike
0-1: Ball
1-1: Ball
2-1: Ball
3-1: Ground out 1-3 (Groundball, 15S)
Batting: SHB Cory Campbell 0-0: Foul Ball, location: 2F
0-1: Ball
1-1: Ball
2-1: Ball
3-1: Base on Balls
Batting: RHB Ramón Díaz 0-0: Called Strike
0-1: Called Strike
0-2: Ball
1-2: Foul Ball, location: 2F
1-2: SINGLE (Line Drive, 89M)
Cory Campbell to second
Batting: RHB Anastasio Villa 0-0: Ball
1-0: Swinging Strike
1-1: SINGLE (Groundball, 6MD) (infield hit)
Cory Campbell to third
Ramón Díaz to second
Batting: RHB César Osequedo 0-0: Called Strike
0-1: Ball
1-1: Ball
2-1: Fly out, F8 (Flyball, 8RS)
Runner from 3rd tags up, SCORES, throw made
Batting: RHB Domingo Hernández 0-0: Ball
1-0: Ball
2-0: Called Strike
2-1: SINGLE (Groundball, 5D)
Ramón Díaz to third
Anastasio Villa to second
Batting: RHB Edward Holloway 0-0: Foul Ball, location: 2F
0-1: Ball
1-1: Ball
2-1: Ball
3-1: Base on Balls
Ramón Díaz scores
Anastasio Villa to third
Domingo Hernández to second
Batting: RHB Anastasio Zartuche 0-0: Ball
1-0: Called Strike
1-1: Ball
2-1: Swinging Strike
2-2: Ball
3-2: DOUBLE (Flyball, 8LXD)
Anastasio Villa scores
Domingo Hernández scores
Edward Holloway to third
Edward Holloway scores
Batting: RHB Jorge Hernández 0-0: Ball
1-0: Foul Ball, location: 2F
1-1: Ball
2-1: Ball
3-1: Base on Balls
Batting: RHB Gary Duffy 0-0: Called Strike
0-1: Ball
1-1: Foul Ball, location: 2F
1-2: Ground out 4-3 (Groundball, 4)
Bottom of the 3rd over - 5 run(s), 4 hit(s), 0 error(s), 2 left on base; Pensacola 5 - Nantucket 14
TOP OF THE 4TH
Pensacola Pilots batting - Pitching for Nantucket Orcas : RHP Sean Flynn
Batting: LHB Mark Folger 0-0: Ball
1-0: Ball
2-0: Fly out, F7 (Popup, 7S)
Batting: RHB Jaime Spiridon 0-0: Called Strike
0-1: Foul Ball, location: 2F
0-2: Strikes out swinging
Batting: LHB Chris Austin 0-0: SINGLE (Groundball, 56)
Batting: RHB Jonny Lord 0-0: Foul Ball, location: 2F
0-1: Ball
1-1: SINGLE (Flyball, 8LS)
Chris Austin to second
Batting: RHB José Cordero 0-0: Ball
1-0: Reached on error, E6 (Groundball, 4MS)
Chris Austin to third
Jonny Lord to second
Batting: LHB Alan McGilroy 0-0: Called Strike
0-1: GRAND SLAM HOME RUN (Flyball, 9D), Distance : 373 ft
Pitching: RHP Bo Wagner
Batting: RHB Lorenzo Mota 0-0: Ball
1-0: Foul Ball, location: 2F
1-1: Ball
2-1: Ball
3-1: Called Strike
3-2: Base on Balls
Batting: RHB David Crespo 0-0: Called Strike
0-1: Ball
1-1: Ground out 6-3 (Groundball, 6)
Top of the 4th over - 4 run(s), 3 hit(s), 1 error(s), 1 left on base; Pensacola 9 - Nantucket 14
BOTTOM OF THE 4TH
Nantucket Orcas batting - Pitching for Pensacola Pilots : RHP Dustin Taylor
Batting: SHB Cory Campbell 0-0: Called Strike
0-1: Ball
1-1: Ball
2-1: Ball
3-1: Foul Ball, location: 2F
3-2: Foul Ball, location: 2F
3-2: Foul Ball, location: 2F
3-2: Base on Balls
Pitching: RHP Pedro Orozco
Batting: RHB Ramón Díaz 0-0: Called Strike
0-1: Foul Ball, location: 2F
0-2: Strikes out looking
Batting: RHB Anastasio Villa 0-0: Called Strike
0-1: Foul Ball, location: 2F
0-2: Ball
1-2: Ball
2-2: Fly out, F9 (Flyball, 89S)
Batting: RHB César Osequedo 0-0: Called Strike
0-1: Ball
1-1: Ball
2-1: Swinging Strike
2-2: Foul Ball, location: 2F
2-2: DOUBLE (Flyball, 78M)
Cory Campbell to third
Runner from 3rd tries for Home, SAFE, no throw or cutoff
Batting: RHB Domingo Hernández 0-0: Ball
1-0: Called Strike
1-1: Swinging Strike
1-2: Ball
2-2: Strikes out swinging
Bottom of the 4th over - 1 run(s), 1 hit(s), 0 error(s), 1 left on base; Pensacola 9 - Nantucket 15
TOP OF THE 5TH
Pensacola Pilots batting - Pitching for Nantucket Orcas : RHP Bo Wagner
Batting: LHB Ricardo García 0-0: Ball
1-0: SINGLE (Groundball, 3D)
Batting: LHB Mark Folger 0-0: Ball
1-0: Ball
2-0: Swinging Strike
2-1: Foul Ball, location: 2F
2-2: Strikes out swinging
Batting: RHB Jaime Spiridon 0-0: Ball
1-0: Ball
2-0: SINGLE (Groundball, 56)
Ricardo García to second
Batting: LHB Chris Austin 0-0: Foul Ball, location: 2F
0-1: Ball
1-1: SINGLE (Groundball, 4M)
Ricardo García to third
Jaime Spiridon to second
Runner from 3rd tries for Home, SAFE, no throw or cutoff
Batting: RHB Jonny Lord 0-0: Foul Ball, location: 2F
Balk!
Jaime Spiridon to third
Chris Austin to second
0-1: Ball
1-1: Foul Ball, location: 2F
1-2: Ball
2-2: Strikes out swinging
Batting: RHB José Cordero 0-0: Called Strike
0-1: Ball
1-1: Swinging Strike
1-2: Foul Ball, location: 2F
1-2: Foul Ball, location: 2F
1-2: Ball
2-2: Ball
3-2: Base on Balls
Batting: LHB Alan McGilroy 0-0: Ball
1-0: Ball
2-0: Swinging Strike
2-1: Foul Ball, location: 2F
2-2: SINGLE (Line Drive, 8RS)
Jaime Spiridon scores
Chris Austin to third
José Cordero to second
Runner from 3rd tries for Home, SAFE, no throw or cutoff
Batting: RHB Lorenzo Mota 0-0: Ball
1-0: Ball
2-0: Ball
3-0: Base on Balls
José Cordero to third
Alan McGilroy to second
Batting: RHB David Crespo 0-0: Called Strike
0-1: Ball
1-1: Swinging Strike
1-2: Foul Ball, location: 2F
1-2: Strikes out swinging
Top of the 5th over - 3 run(s), 4 hit(s), 0 error(s), 3 left on base; Pensacola 12 - Nantucket 15
BOTTOM OF THE 5TH
Nantucket Orcas batting - Pitching for Pensacola Pilots : RHP Pedro Orozco
Batting: RHB Edward Holloway 0-0: Called Strike
0-1: Called Strike
0-2: Ball
1-2: Strikes out swinging
Batting: RHB Anastasio Zartuche 0-0: SINGLE (Groundball, 6MD)
Batting: RHB Jorge Hernández 0-0: Ball
1-0: Called Strike
1-1: Ball
2-1: Ball
3-1: SINGLE (Groundball, 56D) (infield hit)
Anastasio Zartuche to second
Batting: RHB Gary Duffy 0-0: Called Strike
0-1: Foul Ball, location: 2F
0-2: Ball
1-2: Foul Ball, location: 2F
1-2: Ball
2-2: Ball
3-2: Base on Balls
Anastasio Zartuche to third
Jorge Hernández to second
Batting: SHB Cory Campbell 0-0: Foul Ball, location: 2F
0-1: Called Strike
0-2: Strikes out swinging
Batting: RHB Ramón Díaz 0-0: Foul Ball, location: 2F
0-1: Called Strike
0-2: Strikes out swinging
Bottom of the 5th over - 0 run(s), 2 hit(s), 0 error(s), 3 left on base; Pensacola 12 - Nantucket 15
TOP OF THE 6TH
Pensacola Pilots batting - Pitching for Nantucket Orcas : RHP Bo Wagner
Batting: LHB Ricardo García 0-0: Swinging Strike
0-1: Ball
1-1: Ball
2-1: Foul Ball, location: 2F
2-2: Foul Ball, location: 2F
2-2: Ball
3-2: Foul Ball, location: 2F
3-2: Foul Ball, location: 2F
3-2: Strikes out looking
Batting: LHB Mark Folger 0-0: Ball
1-0: Ball
2-0: Called Strike
2-1: Ball
3-1: Called Strike
3-2: Fly out, F8 (Popup, 4MD)
Batting: RHB Jaime Spiridon 0-0: Swinging Strike
0-1: Swinging Strike
0-2: Ground out 5-3 (Groundball, 5S)
Top of the 6th over - 0 run(s), 0 hit(s), 0 error(s), 0 left on base; Pensacola 12 - Nantucket 15
BOTTOM OF THE 6TH
Nantucket Orcas batting - Pitching for Pensacola Pilots : RHP Pedro Orozco
Batting: RHB Anastasio Villa 0-0: Ball
1-0: Called Strike
1-1: Called Strike
1-2: Ball
2-2: Foul Ball, location: 2F
2-2: Ground out 6-3 (Groundball, 6M)
Batting: RHB César Osequedo 0-0: SINGLE (Line Drive, 78S)
Batting: RHB Domingo Hernández 0-0: Ball
1-0: Called Strike
1-1: 2-RUN HOME RUN (Flyball, 7D), Distance : 377 ft
Batting: RHB Edward Holloway 0-0: Called Strike
0-1: Ball
1-1: Swinging Strike
1-2: SINGLE (Line Drive, 6D)
Batting: RHB Anastasio Zartuche 0-0: Foul Ball, location: 2F
0-1: Ball
1-1: Fly out, F6 (Line Drive, 6)
Batting: RHB Jorge Hernández 0-0: Ball
1-0: Ground out 5-3 (Groundball, 15S)
Bottom of the 6th over - 2 run(s), 3 hit(s), 0 error(s), 1 left on base; Pensacola 12 - Nantucket 17
TOP OF THE 7TH
Pensacola Pilots batting - Pitching for Nantucket Orcas : RHP Bo Wagner
Pitching: RHP Juan Moreno
Batting: LHB Chris Austin 0-0: Foul Ball, location: 2F
0-1: Called Strike
0-2: Ball
1-2: Foul Ball, location: 2F
1-2: Foul Ball, location: 2F
1-2: Foul Ball, location: 2F
1-2: Foul Ball, location: 2F
1-2: SINGLE (Groundball, 15) (infield hit)
Batting: RHB Jonny Lord 0-0: Ball
1-0: Ball
2-0: Ball
3-0: Called Strike
3-1: 2-RUN HOME RUN (Flyball, 8RXD), Distance : 433 ft
Batting: RHB José Cordero 0-0: Called Strike
0-1: Ball
1-1: Fly out, F3 (Popup, 34S)
Batting: LHB Alan McGilroy 0-0: Called Strike
0-1: Ball
1-1: Ball
2-1: Ball
3-1: Foul Ball, location: 2F
3-2: Base on Balls
Batting: RHB Lorenzo Mota 0-0: Foul Ball, location: 2F
0-1: Called Strike
0-2: Ball
1-2: Fly out, F9 (Flyball, 9LM)
Batting: RHB David Crespo 0-0: Ball
1-0: Ball
2-0: Ball
3-0: Base on Balls
Alan McGilroy to second
Batting: LHB Ricardo García 0-0: Called Strike
0-1: Swinging Strike
0-2: Strikes out looking
Top of the 7th over - 2 run(s), 2 hit(s), 0 error(s), 2 left on base; Pensacola 14 - Nantucket 17
BOTTOM OF THE 7TH
Nantucket Orcas batting - Pitching for Pensacola Pilots : RHP Pedro Orozco
Batting: RHB Gary Duffy 0-0: Ball
1-0: Ball
2-0: Called Strike
2-1: Fly out, F3 (Popup, 3F)
Batting: SHB Cory Campbell 0-0: Called Strike
0-1: Ball
1-1: SINGLE (Line Drive, 4M)
Batting: RHB Ramón Díaz 0-0: Called Strike
0-1: Ball
1-1: Ball
2-1: Called Strike
2-2: Ball
3-2: Strikes out swinging
Cory Campbell steals 2nd base
Batter strikes out.
Batting: RHB Anastasio Villa 0-0: Ball
1-0: Called Strike
1-1: Ball
2-1: Swinging Strike
2-2: Foul Ball, location: 2F
2-2: Ball
3-2: Base on Balls
Batting: RHB César Osequedo 0-0: Called Strike
Anastasio Villa is caught stealing 2nd base
Bottom of the 7th over - 0 run(s), 1 hit(s), 0 error(s), 0 left on base; Pensacola 14 - Nantucket 17
TOP OF THE 8TH
Pensacola Pilots batting - Pitching for Nantucket Orcas : RHP Juan Moreno
Batting: LHB Mark Folger 0-0: SINGLE (Groundball, 56D)
Pitching: RHP Ed Calhoun
Batting: RHB Jaime Spiridon 0-0: Ball
1-0: Foul Ball, location: 2F
1-1: Fly out, F9 (Flyball, 9M)
Batting: LHB Chris Austin 0-0: Ball
1-0: Ball
2-0: Ball
3-0: Called Strike
3-1: Base on Balls
Mark Folger to second
Batting: RHB Jonny Lord 0-0: Foul Ball, location: 2F
0-1: Ball
1-1: Foul Ball, location: 2F
1-2: Ball
2-2: Strikes out swinging
Batting: RHB José Cordero 0-0: Ball
1-0: Called Strike
1-1: Foul Ball, location: 2F
1-2: Ball
2-2: Strikes out looking
Top of the 8th over - 0 run(s), 1 hit(s), 0 error(s), 2 left on base; Pensacola 14 - Nantucket 17
BOTTOM OF THE 8TH
Nantucket Orcas batting - Pitching for Pensacola Pilots : RHP Pedro Orozco
Batting: RHB César Osequedo 0-0: Ball
1-0: Foul Ball, location: 2F
1-1: Ball
2-1: Ball
3-1: Fly out, F7 (Flyball, 7M)
Batting: RHB Domingo Hernández 0-0: Swinging Strike
0-1: Swinging Strike
0-2: Ball
1-2: Foul Ball, location: 2F
1-2: Strikes out swinging
Batting: RHB Edward Holloway 0-0: Foul Ball, location: 2F
0-1: Ball
1-1: Ball
2-1: Ball
3-1: Ground out 4-3 (Groundball, 4)
Bottom of the 8th over - 0 run(s), 0 hit(s), 0 error(s), 0 left on base; Pensacola 14 - Nantucket 17
TOP OF THE 9TH
Pensacola Pilots batting - Pitching for Nantucket Orcas : RHP Ed Calhoun
Pitching: RHP Kade Coleman
Batting: LHB Alan McGilroy 0-0: Ball
1-0: Ball
2-0: Called Strike
2-1: Ball
3-1: SINGLE (Flyball, 8LS)
Batting: RHB Lorenzo Mota 0-0: Called Strike
0-1: Foul Ball, location: 2F
0-2: Ball
1-2: Ball
2-2: Strikes out swinging
Batting: RHB David Crespo 0-0: Ground out 5-3 (Groundball, 5S)
Alan McGilroy to second
Batting: LHB Ricardo García 0-0: Foul Ball, location: 2F
0-1: Ball
1-1: Called Strike
1-2: Strikes out swinging
Top of the 9th over - 0 run(s), 1 hit(s), 0 error(s), 1 left on base; Pensacola 14 - Nantucket 17
This league is powered by Out of the Park Baseball, the baseball management simulation game for PC, Mac and Linux
Tuesday, August 2nd, 2016 - OOTP Baseball 16.8 Build 38